 Dungeon Crawl Stone Soup version 0.31-a0-662-g684573625c (webtiles) character file.

Game seed: 13220300420495309770

7143 javelincjr the Thaumaturge (level 11, 0/66 HPs)
             Began as a Gargoyle Earth Elementalist on Aug 31, 2023.
             Was a Priest of Sif Muna.
             Killed from afar by a gargoyle (31 damage)
             ... with a stone arrow
             ... on level 10 of the Dungeon.
             The game lasted 00:55:32 (11542 turns).

javelincjr the Thaumaturge (GrEE)                  Turns: 11542, Time: 00:55:32

Health: 0/66       AC: 16    Str: 11    XL:     11   Next: 10%
Magic:  13/23      EV: 14    Int: 21    God:    Sif Muna [***...]
Gold:   412        SH:  0    Dex: 16    Spells: 16/26 levels left

rFire   . . .        H - +5 trident (drain)
rCold   . . .        I - orb {*channel}
rNeg    + + .        K - +2 robe {rN+}
rPois   ∞            h - +2 helmet
rElec   +            (no cloak)
rCorr   +            (no gloves)
SInv    .            w - +0 pair of boots
Will    .....        (no amulet)
Stlth   ++++         d - +6 ring of dexterity
HPRegen 0.31/turn    y - ring of resist corrosion
MPRegen 0.18/turn

%: channel magic (20%)
@: no status effects
A: sickness immunity, AC +8, negative energy resistance 1, electricity
resistance, torment resistance 1, petrification resistance
a: Renounce Religion, Channel Magic, Forget Spell


You were on level 10 of the Dungeon.
You worshipped Sif Muna.
Sif Muna was most pleased with you.
You visited 2 branches of the dungeon, and saw 11 of its levels.
You also visited: Ossuary.

You collected 412 gold pieces.

Inventory:

Hand Weapons
 b - a +0 dagger of venom
 o - a +1 whip of holy wrath
 z - a +3 halberd
 C - a +1 dagger of protection
 D - a +2 hand axe of flaming
 H - a +5 trident of draining (weapon)
Armour
 a - a +0 robe
 h - a +2 helmet (worn)
 q - a +0 buckler
 w - a +0 pair of boots (worn)
 I - an orb of energy (worn)
 K - a +2 robe of positive energy (worn)
Jewellery
 d - a +6 ring of dexterity (left hand)
 y - a ring of resist corrosion (right hand)
Wands
 p - a wand of paralysis (6)
 G - a wand of iceblast (8)
 J - a wand of mindburst (4)
Scrolls
 e - 4 scrolls of teleportation
 g - 2 scrolls of enchant armour
 i - 3 scrolls of amnesia
 k - 3 scrolls of brand weapon
 r - 2 scrolls of fear
 s - a scroll of poison {unknown}
 v - a scroll of noise {unknown}
 A - 2 scrolls of summoning {unknown}
 B - a scroll of fog {unknown}
 E - 2 scrolls of vulnerability {unknown}
Potions
 c - 3 potions of curing
 f - a potion of mutation {unknown}
 j - 2 potions of haste
 l - 2 potions of attraction
 m - a potion of might {unknown}
 n - 3 potions of degeneration {unknown}
 t - 2 potions of cancellation
 u - 4 potions of enlightenment
 x - 2 potions of magic
 F - a potion of heal wounds {unknown}
 L - a potion of resistance {unknown}


   Skills:
 + Level 6.6 Fighting
 + Level 5.5 Dodging
 + Level 7.6 Stealth
 * Level 8.2 Spellcasting
 + Level 2.1 Conjurations
 + Level 5.1 Transmutations
 + Level 8.2 Earth Magic
 + Level 2.0 Invocations
 + Level 1.6 Evocations


You had 16 spell levels left.
You knew the following spells:

 Your Spells              Type           Power      Damage    Failure   Level
a - Sandblast             Erth           86%        2d18      2%          1
b - Passwall              Tmut/Erth      30%        N/A       4%          2
c - Stone Arrow           Conj/Erth      60%        3d10      10%         3
d - Petrify               Tmut/Erth      36%        N/A       14%         4

Your spell library contained the following spells:

 Spells                   Type           Power      Damage    Failure   Level
 Freeze                   Ice            32%        1d5       21%         1
 Hailstorm                Conj/Ice       13%        3d5       34%         3
 Frozen Ramparts          Ice            16%        1d3       45%         3
 Irradiate                Conj/Tmut      11%        3d15      65%         5
 Sublimation of Blood     Necr           Unusable   N/A       N/A         2

Dungeon Overview and Level Annotations

Branches:
Dungeon (10/15)            Temple (1/1) D:4            Lair (0/5) D:8
    Orc (0/2) D:9         Ossuary (visited)

Altars:
Ashenzari
Cheibriados
Dithmenos
Elyvilon
Fedhas
Gozag
Hepliaklqana
Kikubaaqudgha
Makhleb
Nemelex Xobeh
Okawaru
Qazlal
Ru
Sif Muna
Trog
Uskayaw
Vehumet
Wu Jian
Xom
Yredelemnul
Zin
The Shining One
Lugonu

Annotations:
D:5 2 transporters, Sirjeffry24's ghost, novice DsFi
D:7 2 transporters


Innate Abilities, Weirdness & Mutations

You are immune to sickness and miasma.
Your stone body is resilient. (AC +8)
You are immune to poison.
You resist negative energy. (rN+)
You are resistant to electric shocks. (rElec)
You are resistant to unholy torment.
You are immune to petrification.


Message History

Magical energy flows into your mind!
Your Invocations skill increases to level 2!
Casting: Stone Arrow (dangerous; 10% risk of failure)
Confirm with . or Enter, or press ? or * to list all spells.
Aiming: Stone Arrow (dangerous; 10% risk of failure)
Press: ? - help, Shift-Dir - straight line, f - gargoyle
Aim: a gargoyle, wielding a +0 mace (88% to hit)
The stone arrow hits the kobold!!
You kill the kobold!
Sif Muna accepts your kill.
Casting: Stone Arrow (dangerous; 10% risk of failure)
Confirm with . or Enter, or press ? or * to list all spells.
Aiming: Stone Arrow (dangerous; 10% risk of failure)
Press: ? - help, Shift-Dir - straight line, f/p - gargoyle
Aim: a gargoyle, wielding a +0 mace (88% to hit)
The stone arrow hits the gargoyle.
The gargoyle is lightly damaged.
The gargoyle hurls a stone arrow at you.
The stone arrow hits you!!
Casting: Stone Arrow (dangerous; 10% risk of failure)
Confirm with . or Enter, or press ? or * to list all spells.
Aiming: Stone Arrow (dangerous; 10% risk of failure)
Press: ? - help, Shift-Dir - straight line, f/p - gargoyle
Aim: a gargoyle, wielding a +0 mace (lightly damaged, 88% to hit)
The stone arrow hits the gargoyle!
The gargoyle is severely damaged.
Magical energy flows into your mind!
The gargoyle hurls a stone arrow at you.
The stone arrow hits you!
Your magical contamination has completely faded away.
Casting: Stone Arrow (dangerous; 10% risk of failure)
Confirm with . or Enter, or press ? or * to list all spells.
Aiming: Stone Arrow (dangerous; 10% risk of failure)
Press: ? - help, Shift-Dir - straight line, f/p - gargoyle
Aim: a gargoyle, wielding a +0 mace (severely damaged, 88% to hit)
The stone arrow hits the gargoyle but does no damage.
The gargoyle is severely damaged.
The gargoyle hurls a stone arrow at you.
The stone arrow hits you!!
You die...

...... .....
.... ).. ).
#'## #.9#
#)#
######@###
#........#
#........#
#........#
..#........#
#..........#
###........#
#####.####
#..#


You could see a gargoyle.

Vanquished Creatures
  Jeremiah (D:7)
  A gargoyle (D:9)
  Psyche (D:10)
  A hornet (D:9)
  A wyvern (D:8)
  11 yaks
  3 steam dragons
  4 orc warriors
  3 sky beasts
  3 ice beasts
  2 black bears
  2 ogres (D:4)
  2 centaurs
  A phantom (D:5)
  2 kobold brigands
  7 elf zombies (Ossuary)
  2 bullfrogs
  A gnoll sergeant (D:9)
  4 scorpions
  9 wights
  A lava snake (D:8)
  3 centaur zombies (Ossuary)
  2 human zombies (Ossuary)
  3 jellies
  5 iguanas
  3 orc priests
  A sleepcap (D:8)
  3 orc wizards
  4 mummies
  Robin (D:1)
  7 gnolls
  5 adders
  7 river rats (D:7)
  2 shadow imps
  2 white imps
  2 worms
  5 dart slugs
  34 orcs
  7 endoplasms
  2 giant cockroaches (D:2)
  10 hobgoblins
  9 jackals
  20 kobolds
  4 quokkas
  8 ball pythons
  5 bats
  2 frilled lizards
  12 goblins
  16 rats
246 creatures vanquished.

Notes
Turn   | Place    | Note
-------+----------+-------------------------------------------
     0 | D:1      | javelincjr the Gargoyle Earth Elementalist began the quest
                  | for the Orb.
     0 | D:1      | Reached XP level 1. HP: 10/10 MP: 3/3
   158 | D:1      | Reached skill level 1 in Transmutations
   158 | D:1      | Reached XP level 2. HP: 15/15 MP: 3/5
   657 | D:1      | Reached XP level 3. HP: 19/19 MP: 3/6
   946 | D:2      | Found a faded altar of an unknown god.
   961 | D:2      | Noticed Robin
  1030 | D:1      | Killed Robin
  1078 | D:2      | Reached XP level 4. HP: 21/24 MP: 4/7
  2232 | D:3      | Reached XP level 5. HP: 28/28 MP: 6/9
  2638 | D:3      | Found a basalt altar of Yredelemnul.
  2641 | D:3      | Reached skill level 1 in Fighting
  2641 | D:3      | Found a blossoming altar of Fedhas.
  2641 | D:3      | Found a hazy altar of Hepliaklqana.
  2643 | D:3      | Found a basalt altar of Yredelemnul.
  2643 | D:3      | Found a shimmering altar of Xom.
  2643 | D:3      | Found a basalt altar of Yredelemnul.
  2941 | D:4      | Noticed an ogre
  2947 | D:4      | Killed an ogre
  3000 | D:4      | Noticed an ogre
  3005 | D:4      | Killed an ogre
  3006 | D:4      | Reached XP level 6. HP: 34/35 MP: 5/11
  3179 | D:4      | Found a staircase to the Ecumenical Temple.
  3189 | Temple   | Entered the Ecumenical Temple
  3253 | Temple   | Became a worshipper of Sif Muna the Loreminder
  3415 | D:4      | Found a sand-covered staircase.
  3425 | Ossuary  | Entered an ossuary
  3587 | Ossuary  | Reached XP level 7. HP: 9/40 MP: 0/13
  3594 | Ossuary  | Reached skill level 5 in Earth Magic
  4216 | Ossuary  | Reached XP level 8. HP: 46/46 MP: 7/14
  4360 | Ossuary  | Reached * piety under Sif Muna
  4446 | D:4      | Learned a level 2 spell: Passwall
  4450 | D:4      | Learned a level 3 spell: Stone Arrow
  4830 | D:4      | Reached skill level 5 in Spellcasting
  5086 | D:5      | Entered Level 5 of the Dungeon
  5279 | D:5      | Reached skill level 5 in Stealth
  5475 | D:5      | Found a transporter.
  5521 | D:5      | Found a transporter.
  5521 | D:5      | Noticed Sirjeffry24's ghost (novice DsFi)
  5838 | D:6      | Reached XP level 9. HP: 34/52 MP: 5/17
  5960 | D:6      | Found a glowing golden altar of the Shining One.
  5960 | D:6      | Found a white marble altar of Elyvilon.
  5960 | D:6      | Found a glowing silver altar of Zin.
  6354 | D:6      | Reached ** piety under Sif Muna
  6727 | D:6      | Found a stormy altar of Qazlal.
  6729 | D:6      | Found a hazy altar of Hepliaklqana.
  7619 | D:7      | Noticed Jeremiah
  7882 | D:7      | Killed Jeremiah
  7883 | D:7      | Reached skill level 5 in Fighting
  8658 | D:7      | Found a transporter.
  8658 | D:7      | Found a corrupted altar of Lugonu.
  8660 | D:7      | Noticed a cyan ugly thing
  8660 | D:7      | Noticed a purple ugly thing
  8744 | D:7      | Found a transporter.
  8746 | D:7      | Noticed an ancient zyme
  8751 | D:7      | Noticed a green ugly thing
  9062 | D:8      | Reached XP level 10. HP: 42/59 MP: 5/20
  9575 | D:8      | Found a staircase to the Lair.
  9745 | D:8      | Reached *** piety under Sif Muna
  9924 | D:8      | Reached skill level 5 in Dodging
 10333 | D:8      | Found a radiant altar of Vehumet.
 10333 | D:8      | Found a hide-covered altar of Uskayaw.
 10807 | D:9      | Noticed a gargoyle
 10814 | D:9      | Learned a level 4 spell: Petrify
 10817 | D:9      | Killed a gargoyle
 10898 | D:9      | Found a staircase to the Orcish Mines.
 10904 | D:9      | Reached skill level 1 in Conjurations
 10910 | D:9      | Reached skill level 1 in Invocations
 11055 | D:9      | Reached skill level 1 in Evocations
 11321 | D:10     | Entered Level 10 of the Dungeon
 11344 | D:10     | Noticed Psyche
 11357 | D:10     | Killed Psyche
 11404 | D:10     | Reached skill level 5 in Transmutations
 11427 | D:10     | Reached XP level 11. HP: 39/66 MP: 19/23
 11542 | D:10     | Killed from afar by a gargoyle

Illustrated notes

Levels and vault maps discovered:
D:1:      scummos_arrival_star, layout_basic, minmay_pentomino_z4
D:2:      layout_loops_corners, nicolae_ecumenical_pavilion, uniq_robin
D:3:      layout_loops_ring, doesnt_xom_only_xom
D:4:      layout_basic, temple_fountains, gup_ossuary_entry_pyramid
D:5:      layout_loops_cross, gammafunk_ghost_mausoleum, hangedman_decor_lopped,
          chequers_serial_rivers_micro_d
D:6:      minmay_skewed_foursquare, layout_basic, good_gods_mini_temple,
          mainiacjoe_overflow_catwalk_spiral
D:7:      gammafunk_corrupted_shrine, layout_basic, dk_rats_in_the_wall,
          uniq_jeremiah
D:8:      layout_basic, nicolae_overflow_two_pavilions, lair_entry_dummy
D:9:      layout_basic, minmay_orc_entry_temple_small
D:10:     layout_roguey, serial_shops, nicolae_shop_just_a_little_nook,
          uniq_psyche, uniq_urug
Temple:   compressed_dpeg_circular_temple

Skill      XL: |  1  2  3  4  5  6  7  8  9 10 11 |
---------------+----------------------------------+-----
Transmutations | 1 2 3 4 5 |  5.1
Earth Magic    | 4 5 6 7 8 |  8.2
Dodging        | 2 3 4 5 |  5.5
Stealth        | 3 4 5 6 7 |  7.6
Fighting       | 1 2 3 4 5 6 |  6.6
Spellcasting   | 3 4 5 7 8 |  8.2
Conjurations   | 1 2 |  2.1
Invocations    | 1 2 |  2.0
Evocations     | 1 |  1.6

Action                     |  1- 3 |  4- 6 |  7- 9 | 10-12 || total
---------------------------+-------+-------+-------+-------++-------
  Melee: Unarmed           |     3 |       |       |       ||     3
         Whip              |       |    40 |     5 |       ||    45
         Dagger            |       |       |     8 |       ||     8
         Trident           |       |       |     7 |    60 ||    67
   Cast: Sandblast         |    51 |   106 |   200 |    51 ||   408
         Stone Arrow       |       |       |    49 |    63 ||   112
         Petrify           |       |       |       |     1 ||     1
    Use: Potion            |     1 |     1 |     1 |       ||     3
         Scroll            |       |     7 |     5 |     1 ||    13
   Stab: Sleeping          |       |       |     1 |       ||     1
         Distracted        |       |       |       |     1 ||     1
 Armour: Robe              |    12 |    68 |   110 |    78 ||   268
  Dodge: Dodged            |    19 |    62 |    96 |    83 ||   260

Table legend: (Time is in decaauts)
 A = Elapsed time spent in this place.
 B = Non-inter-level travel time spent in this place.
 C = Inter-level travel time spent in this place.
 D = Time resting spent in this place.
 E = Time spent auto-exploring this place.
 F = Levels seen in this place.
 G = Mean time per level.
                   A        B        C        D        E       F      G
               +--------+--------+--------+--------+--------+-----+--------+
         Total |  11774 |  11461 |    313 |   1801 |   7423 |  12 |  981.2 |
       Dungeon |  10645 |  10332 |    313 |   1187 |   7366 |  10 | 1064.5 |
        Temple |     73 |     73 |      0 |      0 |      0 |   1 |   73.0 |
       Ossuary |   1055 |   1055 |      0 |    614 |     57 |   1 | 1055.0 |
               +--------+--------+--------+--------+--------+-----+--------+

Top non-repeatable levels by time:
     D:6: 1702 daAuts
     D:7: 1514 daAuts
     D:8: 1477 daAuts
     D:2: 1152 daAuts
     D:4: 1090 daAuts
     D:1: 1068 daAuts
 Ossuary: 1055 daAuts
     D:9: 891 daAuts
     D:3: 769 daAuts
     D:5: 736 daAuts
    D:10: 242 daAuts
  Temple: 73 daAuts
